 Dungeon Crawl Stone Soup version 0.26-a0-36-g11e0b32562 (webtiles) character file.

Game seed: 4152207699348195629, levelgen mode: deterministic

48 1994 the Skirmisher (level 3, 0/40 HPs)
             Began as an Ogre Fighter on May 30, 2020.
             Slain by Natasha (5 damage)
             ... on level 2 of the Dungeon.
             The game lasted 00:02:31 (2064 turns).

1994 the Skirmisher (Ogre Fighter)                  Turns: 2064, Time: 00:02:31

Health: 0/40       AC:  3    Str: 21    XL:     3   Next: 72%
Magic:  3/3        EV:  8    Int:  9    God:
Gold:   41         SH:  8    Dex:  8    Spells: 2/2 levels left

rFire    . . .     SeeInvis .   a - +0 war axe
rCold    . . .     Gourm    .   c - +0 kite shield
rNeg     . . .     Faith    .   l - +0 robe
rPois    .         Spirit   .   (helmet restricted)
rElec    .         Reflect  .   (no cloak)
rCorr    .         Harm     .   (gloves unavailable)
MR       .....                  (boots unavailable)
Stlth    +.........             (no amulet)
HPRegen  0.13/turn              (no ring)
MPRegen  0.08/turn              (no ring)

@: mighty
A: large, unfitting armour, tough skin 1
a: no special abilities


You were on level 2 of the Dungeon.
You were not hungry.

You visited 1 branch of the dungeon, and saw 2 of its levels.

You collected 41 gold pieces.

Inventory:

Hand Weapons
 a - a +0 war axe (weapon)
 b - a +0 hunting sling
Missiles
 k - 35 stones (quivered)
Armour
 c - a +0 kite shield (worn)
 l - a +0 robe (worn)
Jewellery
 j - an uncursed amulet of faith {unknown}
Scrolls
 e - 2 scrolls of identify {unknown}
 g - 3 scrolls of immolation {unknown}
 m - 3 scrolls of blinking {unknown}
Potions
 h - a potion of lignification {unknown}
 i - a potion of curing {unknown}
Comestibles
 f - 3 rations
 n - 2 chunks of flesh


   Skills:
 + Level 4.5 Fighting
 * Level 2.9 Axes
 - Level 2.6 Dodging
 * Level 3.3 Shields


You had 2 spell levels left.
You didn't know any spells.
Your spell library was empty.

Dungeon Overview and Level Annotations

Branches:
Dungeon (2/15)

Altars:

Annotations:
D:2 Natasha


Innate Abilities, Weirdness & Mutations

You are too large for most types of armour.
You have tough skin. (AC +1)


Message History

Unknown command.
You feel very mighty all of a sudden. Natasha claws you.
* * * LOW HITPOINT WARNING * * *
Unknown command.
Unknown command.
You closely miss Natasha. You block Natasha's attack. x2
Unknown command.
You slash Natasha!
Natasha is almost dead.
Natasha stares at you and mumbles some strange words.
You resist with some effort.
You closely miss Natasha.
Natasha is almost dead.
Natasha casts a spell at you.
The magic dart hits you but does no damage.
You closely miss Natasha.
Natasha is almost dead.
Natasha closely misses you. Natasha claws you.
You die...

. ##.....## #
##.......#
........#
....... #.#
..... #.#
...###### #.#
#h....... #.#
#@.# #.# #.†#
#.# #..## #.#
#...#
#.######.#.###.#
#...............
###.............
#.##.###.###.#
#.##.# .# #


You could see Natasha.

Vanquished Creatures
  A gnoll (D:1)
  2 dart slugs
  A giant cockroach (D:2)
  3 goblins
  6 hobgoblins (D:1)
  2 jackals (D:1)
  8 bats
  2 frilled lizards (D:1)
  4 kobolds
  3 rats
32 creatures vanquished.

Notes
Turn   | Place    | Note
-------+----------+-------------------------------------------
     0 | D:1      | 1994 the Ogre Fighter began the quest for the Orb.
     0 | D:1      | Reached XP level 1. HP: 24/24 MP: 1/1
     3 | D:1      | Noticed an electric eel
     3 | D:1      | Noticed an electric eel
    77 | D:1      | Reached XP level 2. HP: 19/32 MP: 2/2
   625 | D:1      | Reached XP level 3. HP: 15/40 MP: 3/3
  1600 | D:2      | Noticed Natasha
  2064 | D:2      | Slain by Natasha

Illustrated notes

Levels and vault maps discovered:
D:1:      arrival_aquarium_b, layout_basic
D:2:      minmay_alternating_diamond, layout_loops_ring, first_ration,
          tgw_fedhas, uniq_natasha

Skill      XL: |  1  2 |
---------------+-------+-----
Shields        | 3 |  3.3
Fighting       | |  4.5
Axes           | |  2.9
Dodging        | |  2.6

Action                   || total
-------------------------++-------
Melee: War axe           ||   113
  Use: Potion            ||     1
  Eat: Chunk             ||     4
Armor: Robe              ||    48
Dodge: Dodged            ||    44
Block: Kite shield       ||    54

Table legend:
 A = Non-vault XP
 B = Vault XP
 C = Vault XP percentage of total XP
 D = Non-vault monster count
 E = Vault monster count
 F = Vault count percentage of total count
                 A         B        C        D         E       F
            +---------+---------+-------+---------+---------+-------
      Total |      69 |       0 |   0.0 |      32 |       0 |   0.0
            +---------+---------+-------+---------+---------+-------
        D:1 |      48 |       0 |   0.0 |      21 |       0 |   0.0
        D:2 |      21 |       0 |   0.0 |      11 |       0 |   0.0
            +---------+---------+-------+---------+---------+-------
